 Dungeon Crawl Stone Soup version 0.32-a0-18-g89e19f1974 (webtiles) character file.

Game seed: 11504833728412293885

35 LeprechaunX the Changeling (level 3, 0/23 HPs)
             Began as an Octopode Shapeshifter on Jan 16, 2024.
             Slain by a jelly (3 damage)
             ... on level 2 of the Dungeon.
             The game lasted 00:00:59 (832 turns).

LeprechaunX the Changeling (Octopode Shapeshifter)   Turns: 832, Time: 00:01:00

Health: 0/23       AC: -3    Str: 13    XL:     3   Next: 33%
Magic:  3/3        EV: 13    Int: 12    God:
Gold:   131        SH:  0    Dex: 13    Spells: 2/2 levels left

rFire   . .          .
                       - Unarmed
rCold   . . .        (no shield)
rNeg    . . .        (helmet currently unavailable)
rPois   .            (no amulet)
rElec   .            (no ring)
rCorr   .            (no ring)
SInv    .            (no ring)
Will    .....        (no ring)
Stlth   ++           (no ring)
HPRegen 0.23/turn    (no ring)
MPRegen 0.08/turn    (no ring)
                     (no ring)

%: no passive effects
@: beast-form, corroded
A: beast (slay +1), almost no armour, amphibious, 8 rings, camouflage 1,
gelatinous body 1, (nimble swimmer 1), tentacles
a: Begin Untransformation


You were on level 2 of the Dungeon.
You were a hulking beast.
You visited 1 branch of the dungeon, and saw 2 of its levels.

You collected 131 gold pieces.

Inventory:

Jewellery
 e - a ring of wizardry
Talismans
 b - a beast talisman
 c - a flux talisman
Wands
 m - a wand of polymorph (10)
Scrolls
 d - a scroll of enchant weapon {unknown}
 f - a scroll of revelation {unknown}
 j - 2 scrolls of identify {unknown}
 k - a scroll of fear {unknown}
Potions
 a - a potion of lignification
 g - a potion of berserk rage {unknown}
 h - a potion of cancellation {unknown}
 i - a potion of attraction {unknown}
 l - a potion of haste {unknown}


   Skills:
 + Level 1.5 Fighting
 + Level 2.3 Dodging
 + Level 3.2 Unarmed Combat
 + Level 0.0 Evocations
 * Level 3.4 Shapeshifting


You had 2 spell levels left.
You didn't know any spells.
Your spell library was empty.

Dungeon Overview and Level Annotations

Branches:
Dungeon (2/15)

Altars:


Innate Abilities, Weirdness & Mutations

You are a hulking beast.
Your limbs bulge with bestial killing power. (Slay +1)
You cannot wear most types of armour.
You are amphibious.
You can wear up to eight rings at the same time.
Your skin changes colour to match your surroundings (Stealth+).
Your rubbery body absorbs attacks. (AC +1, EV +1)
((You are camouflaged when in or above water. (Stealth+)))
You have tentacles for arms and can constrict up to eight enemies at once.


Message History

You constrict the goblin.
You kill the goblin!
You tentacle-slap the jelly.
Your tentacles burn!
The jelly is moderately wounded.
The jelly hits you. The acid corrodes you!
You are splashed with acid!
You are too injured to fight recklessly!
You are too injured to fight recklessly!
You are too injured to fight recklessly!
You are too injured to fight recklessly!
You are too injured to fight recklessly!
You are too injured to fight recklessly!
You are too injured to fight recklessly!
You are too injured to fight recklessly!
You are too injured to fight recklessly!
You are too injured to fight recklessly!
You are too injured to fight recklessly!
You are too injured to fight recklessly!
You are too injured to fight recklessly!
You are too injured to fight recklessly!
You are too injured to fight recklessly!
You are too injured to fight recklessly!
Attack: -) Tentacles
Press: ? - help, Dir - move target, f - jelly
Aim: a jelly (moderately wounded, about 9% to evade your tentacles)
Okay, then.
Aiming: Polymorph
Press: ? - help, Shift-Dir - straight line, f - jelly
Aim: a jelly (moderately wounded, will become a bullfrog, an adder, or an iguana, chance to affect: 57%)
The jelly resists with significant effort.
The jelly barely misses you.
You tentacle-slap the jelly. The acid corrodes you!
Your tentacles burn!
* * * LOW HITPOINT WARNING * * *
The jelly is heavily wounded.
The jelly closely misses you.
Unknown command.
You tentacle-slap the jelly.
Your tentacles burn!
* * * LOW HITPOINT WARNING * * *
The jelly is heavily wounded.
The jelly hits you.
You die...

....#........#
.....##..##..#####
#..#...#.##... ..###
..####....#.####.... #
...######.........###.
.#...####............
##.................#
#...#####.......J#
##### #...†..h.##
#..)...)..#
#.....>.......
#........#.....
#......>.#.....
#...<....# ....
########## ... ...


You could see a jelly.

Vanquished Creatures
  An adder (D:2)
  A ribbon worm (D:2)
  A bat (D:1)
  4 endoplasms
  2 giant cockroaches (D:1)
  4 goblins
  A hobgoblin (D:2)
  2 kobolds (D:2)
  2 ball pythons
  2 rats
20 creatures vanquished.

Notes
Turn   | Place    | Note
-------+----------+-------------------------------------------
     0 | D:1      | LeprechaunX the Octopode Shapeshifter began the quest for
                  | the Orb.
     0 | D:1      | Reached XP level 1. HP: 13/13 MP: 1/1
   212 | D:1      | Reached XP level 2. HP: 18/18 MP: 2/2
   710 | D:2      | Reached XP level 3. HP: 15/23 MP: 3/3
   832 | D:2      | Slain by a jelly

Illustrated notes

Levels and vault maps discovered:
D:1:      erik_arrival_orb_chamber, layout_loops_ring, roderic_roman_lattice,
          chequers_mini_garden
D:2:      layout_rooms

Action                     || total
---------------------------++-------
  Melee: Unarmed           ||    37
         Constrict         ||    11
         Tentacles         ||     5
         Punch             ||     1
  Evoke: Wand              ||     1
   Stab: Sleeping          ||     1
 Armour: Skin              ||    12
  Dodge: Dodged            ||    16

Table legend: (Time is in decaauts)
 A = Elapsed time spent in this place.
 B = Non-inter-level travel time spent in this place.
 C = Inter-level travel time spent in this place.
 D = Time resting spent in this place.
 E = Time spent auto-exploring this place.
 F = Levels seen in this place.
 G = Mean time per level.
                   A        B        C        D        E       F      G
               +--------+--------+--------+--------+--------+-----+--------+
         Total |    829 |    819 |     10 |      0 |    705 |   2 |  414.5 |
       Dungeon |    829 |    819 |     10 |      0 |    705 |   2 |  414.5 |
               +--------+--------+--------+--------+--------+-----+--------+

Top non-repeatable levels by time:
     D:1: 687 daAuts
     D:2: 142 daAuts
